 Dungeon Crawl Stone Soup version 0.28.0-47-ge53b351184 (webtiles) character file.

Game seed: 2138155900773159769

9492 NinjaNoafa the Blocker (level 11, -19/89 HPs)
             Began as a Gnoll Fighter on Apr 25, 2022.
             Was an Elder of Trog.
             Demolished by a very large slime creature (54 damage)
             ... on level 12 of the Dungeon.
             The game lasted 00:20:59 (11028 turns).

NinjaNoafa the Blocker (Gnoll Fighter)             Turns: 11028, Time: 00:20:59

Health: -19/89     AC: 22    Str: 19    XL:     11   Next: 47%
Magic:  20/20      EV: 12    Int:  8    God:    Trog [****..]
Gold:   617        SH:  6    Dex: 12    Spells: 22/22 levels left

rFire   + . .      SeeInvis .   b - +4 flail (vorpal)
rCold   . . .      Faith    .   c - +0 buckler
rNeg    . . .      Spirit   .   r - +0 plate armour
rPois   .          Reflect  .   j - +0 helmet
rElec   .          Harm     .   J - +1 cloak {rCorr}
rCorr   +          Rampage  .   t - +0 pair of gloves
Will    .....                   i - +2 pair of boots
Stlth   ..........              l - amulet of the acrobat
HPRegen 0.24/turn               D - ring "Qivies" {rF+ EV+4}
MPRegen 0.17/turn               p - +4 ring of slaying

@: studying Throwing
A: fangs 1, strong nose, distributed training
a: Renounce Religion, Berserk, Trog's Hand, Brothers in Arms


You were on level 12 of the Dungeon.
You worshipped Trog.
Trog was greatly pleased with you.
You visited 2 branches of the dungeon, and saw 13 of its levels.
You also visited: Ossuary.

You collected 617 gold pieces.

Inventory:

Hand Weapons
 a - a +3 whip
 b - a +4 vorpal flail (weapon)
 d - a +2 flail of protection
Missiles
 e - 10 poisoned darts
 f - 5 atropa-tipped darts
 m - a boomerang of dispersal
 o - 4 boomerangs (quivered)
 G - 4 javelins
Armour
 c - a +0 buckler (worn)
 i - a +2 pair of boots (worn)
 j - a +0 helmet (worn)
 r - a +0 plate armour (worn)
 t - a +0 pair of gloves (worn)
 J - a +1 cloak of preservation (worn)
Jewellery
 h - a ring of positive energy
 l - an amulet of the acrobat (around neck)
 p - a +4 ring of slaying (right hand)
 y - a +6 ring of intelligence
 D - the ring "Qivies" (left hand) {rF+ EV+4}
   (You found it on level 6 of the Dungeon)

   [ring of evasion]

   EV:        It affects your evasion (+4).
   rF:        It protects you from fire.
Wands
 g - a wand of iceblast (4)
 s - a wand of flame (7)
Scrolls
 n - 3 scrolls of immolation
 q - 2 scrolls of magic mapping
 x - a scroll of identify
 z - a scroll of holy word
 A - a scroll of fog
 C - a scroll of noise
 H - a scroll of summoning
Potions
 k - 2 potions of haste
 u - 5 potions of curing
 v - 2 potions of attraction
 w - 3 potions of degeneration
 B - a potion of brilliance
 E - 2 potions of lignification
 F - 2 potions of flight


   Skills:
 + Level 9.2 Fighting
 + Level 7.9 Short Blades
 + Level 6.3 Long Blades
 + Level 6.3 Axes
 + Level 6.3 Maces & Flails
 + Level 6.3 Polearms
 + Level 6.3 Staves
 + Level 6.3 Slings
 + Level 6.3 Bows
 + Level 6.3 Crossbows
 + Level 8.0 Throwing
 + Level 9.2 Armour
 + Level 6.3 Dodging
 + Level 6.3 Stealth
 + Level 9.2 Shields
 + Level 6.3 Unarmed Combat
 + Level 6.3 Spellcasting
 + Level 5.2 Conjurations
 + Level 5.2 Hexes
 + Level 5.2 Summonings
 + Level 5.2 Necromancy
 + Level 5.2 Translocations
 + Level 5.2 Transmutations
 + Level 5.2 Fire Magic
 + Level 5.2 Ice Magic
 + Level 5.2 Air Magic
 + Level 5.2 Earth Magic
 + Level 5.2 Poison Magic
 + Level 6.9 Invocations
 + Level 6.3 Evocations


You had 22 spell levels left.
You didn't know any spells.
Your spell library contained the following spells:

 Spells                   Type           Power      Damage    Failure   Level
 Summon Small Mammal      Summ           40%        N/A       56%         1
 Static Discharge         Conj/Air       10%        N/A       71%         2
 Call Canine Familiar     Summ           10%        N/A       90%         3
 Summon Guardian Golem    Hex/Summ       10%        N/A       90%         3
 Dispel Undead            Necr           10%        3d9       100%        4
 Sticky Flame             Conj/Fire      10%        2d3       100%        4


Dungeon Overview and Level Annotations

Branches:
Dungeon (12/15)            Temple (0/1) D:4            Lair (1/6) D:10
    Orc (0/2) D:9         Ossuary (visited)

Altars:
Cheibriados
Elyvilon
Hepliaklqana
Kikubaaqudgha
Makhleb
Ru
Trog
Uskayaw
Xom
Yredelemnul
The Shining One

Shops:
D:9 (


Innate Abilities, Weirdness & Mutations

You have very sharp teeth.
Your uncanny sense of smell can sniff out nearby items.
Your experience applies equally to all skills.


Message History

There is an open door here.
You throw a boomerang. The boomerang hits the slime creature.
The slime creature is lightly wounded.
You throw a boomerang. The boomerang hits the slime creature!
The slime creature is lightly wounded.
The slime creature hits you!
Two slime creatures merge to form a large slime creature.
You throw a boomerang.
The boomerang hits the large slime creature!!
The large slime creature is moderately wounded.
You throw a boomerang.
The boomerang hits the large slime creature!
The large slime creature is moderately wounded.
A slime creature comes into view.
The slime creature quivers.
You bludgeon the large slime creature!!
The large slime creature is heavily wounded.
Two slime creatures merge to form a very large slime creature.
You hit the very large slime creature.
The very large slime creature is moderately wounded.
A very large slime creature splits.
You hit the large slime creature.
The large slime creature is moderately wounded.
The large slime creature barely misses you.
The slime creature hits you but does no damage.
You barely miss the large slime creature.
The large slime creature is moderately wounded.
The large slime creature hits you!
Two slime creatures merge to form a very large slime creature.
You block the slime creature's attack.
You barely miss the very large slime creature.
The very large slime creature is moderately wounded.
The slime creature hits you.
The very large slime creature hits you!!
You thump the very large slime creature!
The very large slime creature is moderately wounded.
The slime creature closely misses you.
The very large slime creature hits you!!!
Ouch! That really hurt!
You die...

#.....##########
#.#...'........#
# #...#........#
#...#........#
.....#.##.....#
#...###.########
#...#...#
#.#.#...# #.
#@###
.......JJ......
....##..##..#..
.# #..# .# ....
.. ##### ##


You could see a very large slime creature and a slime creature.

Vanquished Creatures
  A hydra (D:11)
  3 two-headed ogres
  Pikel (D:4)
  A cyclops (D:11)
  Maggie (D:9)
  A troll (D:11)
  A hornet (D:8)
  4 yaks
  2 steam dragons
  Menkaure (D:4)
  Edmund (D:4)
  Duvessa (D:4)
  A water moccasin (D:6)
  2 black bears
  A sky beast (D:7)
  3 orc warriors
  A necrophage (D:7)
  An ogre (D:7)
  2 lemures (D:4)
  A phantom (D:4)
  A kobold brigand (D:11)
  Blork the orc (D:6)
  3 elf zombies (Ossuary)
  6 bullfrogs
  A gnoll sergeant (D:10)
  2 scorpions (D:7)
  A water moccasin zombie (D:6)
  Dowan (D:4)
  5 killer bees (D:8)
  5 howler monkeys
  8 wights
  A bullfrog zombie (D:5)
  5 centaur zombies
  7 human zombies (Ossuary)
  2 hounds (D:4)
  3 jellies
  A bullfrog skeleton (D:7)
  5 orc priests
  A centaur skeleton (D:6)
  Natasha (thrice) (D:4)
  Terence (D:2)
  10 orc wizards
  3 iguanas
  3 mummies (Ossuary)
  Robin (D:3)
  9 adders
  5 gnolls (D:10)
  3 white imps (D:8)
  3 worms
  3 dart slugs
  27 orcs
  3 endoplasms
  5 giant cockroaches
  23 goblins
  8 hobgoblins
  6 jackals
  10 quokkas
  9 ball pythons
  4 bats
  6 frilled lizards
  10 kobolds
  7 rats
  A spectral goblin (D:9)
252 creatures vanquished.

Vanquished Creatures (collateral kills)
  An iguana (D:5)
1 creature vanquished.

Vanquished Creatures (others)
  A fungus (D:10)
  4 plants (D:10)
  A withered plant (D:1)
6 creatures vanquished.

Grand Total: 259 creatures vanquished

Notes
Turn   | Place    | Note
-------+----------+-------------------------------------------
     0 | D:1      | NinjaNoafa the Gnoll Fighter began the quest for the Orb.
     0 | D:1      | Reached XP level 1. HP: 23/23 MP: 1/1
   187 | D:1      | Reached XP level 2. HP: 26/29 MP: 2/2
   497 | D:1      | Reached XP level 3. HP: 30/35 MP: 3/3
   614 | D:1      | Found a faded altar of an unknown god.
   925 | D:1      | Prayed at the altar of an unknown god.
   925 | D:1      | Became a worshipper of Trog the Wrathful
   925 | D:1      | Reached * piety under Trog
  1034 | D:2      | Reached skill level 1 in Invocations
  1180 | D:2      | Noticed Terence
  1197 | D:2      | Killed Terence
  1198 | D:2      | Reached skill level 1 in Long Blades
  1198 | D:2      | Reached skill level 1 in Axes
  1198 | D:2      | Reached skill level 1 in Maces & Flails
  1198 | D:2      | Reached skill level 1 in Polearms
  1198 | D:2      | Reached skill level 1 in Staves
  1198 | D:2      | Reached skill level 1 in Slings
  1198 | D:2      | Reached skill level 1 in Bows
  1198 | D:2      | Reached skill level 1 in Crossbows
  1198 | D:2      | Reached skill level 1 in Throwing
  1198 | D:2      | Reached skill level 1 in Dodging
  1198 | D:2      | Reached skill level 1 in Stealth
  1198 | D:2      | Reached skill level 1 in Unarmed Combat
  1198 | D:2      | Reached skill level 1 in Spellcasting
  1198 | D:2      | Reached skill level 1 in Evocations
  1198 | D:2      | Reached XP level 4. HP: 11/41 MP: 5/5
  2006 | D:2      | Reached skill level 1 in Conjurations
  2006 | D:2      | Reached skill level 1 in Hexes
  2006 | D:2      | Reached skill level 1 in Summonings
  2006 | D:2      | Reached skill level 1 in Necromancy
  2006 | D:2      | Reached skill level 1 in Translocations
  2006 | D:2      | Reached skill level 1 in Transmutations
  2006 | D:2      | Reached skill level 1 in Fire Magic
  2006 | D:2      | Reached skill level 1 in Ice Magic
  2006 | D:2      | Reached skill level 1 in Air Magic
  2006 | D:2      | Reached skill level 1 in Earth Magic
  2006 | D:2      | Reached skill level 1 in Poison Magic
  2329 | D:3      | Reached XP level 5. HP: 18/47 MP: 5/7
  2405 | D:3      | Reached ** piety under Trog
  2657 | D:3      | Noticed Robin
  2672 | D:3      | Killed Robin
  3137 | D:4      | Noticed Duvessa
  3137 | D:4      | Noticed Dowan
  3140 | D:4      | Noticed Natasha
  3150 | D:4      | Killed Duvessa
  3151 | D:4      | Reached skill level 5 in Short Blades
  3151 | D:4      | Reached XP level 6. HP: 39/53 MP: 7/9
  3161 | D:4      | Killed Dowan
  3167 | D:4      | Killed Natasha
  3169 | D:4      | Reached *** piety under Trog
  3171 | D:4      | Reached XP level 7. HP: 29/59 MP: 10/10
  3356 | D:4      | Noticed Natasha
  3366 | D:4      | Killed Natasha
  3412 | D:4      | Noticed Natasha
  3423 | D:4      | Killed Natasha
  3528 | D:4      | Found a staircase to the Ecumenical Temple.
  3546 | D:4      | Noticed Pikel
  3560 | D:4      | Killed Pikel
  3561 | D:4      | Reached XP level 8. HP: 67/67 MP: 10/12
  3720 | D:4      | Noticed Menkaure
  3722 | D:4      | Noticed Edmund
  3730 | D:4      | Killed Menkaure
  3735 | D:4      | Killed Edmund
  4018 | D:5      | Entered Level 5 of the Dungeon
  4028 | D:5      | Found a sand-covered staircase.
  4033 | Ossuary  | Entered an ossuary
  4365 | Ossuary  | Reached XP level 9. HP: 68/72 MP: 14/14
  4564 | D:5      | Found a basalt altar of Yredelemnul.
  4564 | D:5      | Found a burning altar of Makhleb.
  4570 | D:5      | Reached **** piety under Trog
  4745 | D:5      | Identified a scroll of acquirement
  4745 | D:5      | Acquired a manual of Throwing
  5215 | D:6      | Found a shimmering altar of Xom.
  5356 | D:6      | Found a glowing golden altar of the Shining One.
  5379 | D:6      | Found a sacrificial altar of Ru.
  5588 | D:6      | Reached skill level 5 in Throwing
  5588 | D:6      | Reached skill level 5 in Invocations
  5872 | D:6      | Identified the ring "Qivies" {rF+ EV+4}
  5897 | D:6      | Noticed Blork the orc
  5902 | D:6      | Killed Blork the orc
  6306 | D:7      | Found a snail-covered altar of Cheibriados.
  6342 | D:7      | Reached XP level 10. HP: 80/80 MP: 17/17
  6571 | D:7      | Reached skill level 5 in Long Blades
  6571 | D:7      | Reached skill level 5 in Axes
  6571 | D:7      | Reached skill level 5 in Maces & Flails
  6571 | D:7      | Reached skill level 5 in Polearms
  6571 | D:7      | Reached skill level 5 in Staves
  6571 | D:7      | Reached skill level 5 in Slings
  6571 | D:7      | Reached skill level 5 in Bows
  6571 | D:7      | Reached skill level 5 in Crossbows
  6571 | D:7      | Reached skill level 5 in Dodging
  6571 | D:7      | Reached skill level 5 in Stealth
  6571 | D:7      | Reached skill level 5 in Unarmed Combat
  6571 | D:7      | Reached skill level 5 in Spellcasting
  6571 | D:7      | Reached skill level 5 in Evocations
  6855 | D:8      | Found a hide-covered altar of Uskayaw.
  7393 | D:8      | Found a white marble altar of Elyvilon.
  7486 | D:8      | Found an ancient bone altar of Kikubaaqudgha.
  7660 | D:9      | Found Zivvaeda's Weapon Shoppe.
  8205 | D:9      | Noticed Maggie
  8215 | D:9      | Killed Maggie
  8486 | D:9      | Reached ***** piety under Trog
  8571 | D:9      | Found a staircase to the Orcish Mines.
  8584 | D:9      | Found a hazy altar of Hepliaklqana.
  8692 | D:10     | Entered Level 10 of the Dungeon
  8693 | D:10     | Noticed a two-headed ogre
  8704 | D:10     | Killed a two-headed ogre
  9094 | D:10     | Found a staircase to the Lair.
  9102 | D:10     | Reached XP level 11. HP: 87/87 MP: 19/19
  9107 | Lair:1   | Entered Level 1 of the Lair of Beasts
  9178 | D:10     | Found a flagged portal.
 10139 | D:11     | Reached skill level 5 in Conjurations
 10139 | D:11     | Reached skill level 5 in Hexes
 10139 | D:11     | Reached skill level 5 in Summonings
 10139 | D:11     | Reached skill level 5 in Necromancy
 10139 | D:11     | Reached skill level 5 in Translocations
 10139 | D:11     | Reached skill level 5 in Transmutations
 10139 | D:11     | Reached skill level 5 in Fire Magic
 10139 | D:11     | Reached skill level 5 in Ice Magic
 10139 | D:11     | Reached skill level 5 in Air Magic
 10139 | D:11     | Reached skill level 5 in Earth Magic
 10139 | D:11     | Reached skill level 5 in Poison Magic
 10270 | D:11     | Noticed a cyclops
 10282 | D:11     | Killed a cyclops
 10433 | D:11     | Noticed a five-headed hydra
 10440 | D:11     | Killed a five-headed hydra
 10512 | D:11     | Noticed a two-headed ogre
 10518 | D:11     | Killed a two-headed ogre
 10850 | D:11     | Noticed a two-headed ogre
 10862 | D:11     | Killed a two-headed ogre
 11028 | D:12     | Demolished by a very large slime creature

Illustrated notes

Levels and vault maps discovered:
D:1:      minmay_arrival_wavy_path, layout_loops_ring,
          shapermc_ecumenical_altar_flowoftime
D:2:      layout_basic, uniq_terence
D:3:      layout_basic, minmay_misc_feat_room, uniq_robin
D:4:      layout_gridville, minmay_temple_entry_butterflies, uniq_natasha,
          uniq_pikel, uniq_edmund, uniq_duvessa, uniq_menkaure
D:5:      layout_loops_ring, mainiacjoe_overflow_large_starburst,
          enter_ossuary_5
D:6:      layout_basic, nicolae_ru_the_path_less_chosen,
          mainiacjoe_overflow_catch_the_wave, moated_statue,
          minmay_misc_feat_hallway, uniq_blork_the_orc
D:7:      layout_cave_pools, lemuel_crystal_altar, nrook_campfire, hex_large
D:8:      layout_rooms, nicolae_kikubaaqudgha_miasma_corner, elyvilon_altar_4,
          mainiacjoe_overflow_alcove_1, kennysheep_generic_room_5
D:9:      layout_long_grid, nicolae_hepliaklqana_monster_ancestors, orc_0_dummy,
          serial_shops, nicolae_shop_bloodbath_and_beyond,
          roderic_serpentine_path, uniq_maggie
D:10:     layout_small_grid, grunt_lair_entry_orc_guard_hut, enter_bailey_3
D:11:     layout_irregular_city
D:12:     layout_stronghold, gauntlet_entry_generic, serial_shops,
          nicolae_inconvenience_store, nicolae_diamond_shop,
          nicolae_shop_advertising_works [nicolae_subvault_shop_adworks],
          nicolae_shop_overgrown_old_shop, uniq_nergalle
Lair:1:   layout_cave_pods, lemuel_fruit_tree, grunt_megastairs_1,
          infiniplex_staircase_pool, uniq_joseph

Skill      XL: |  1  2  3  4  5  6  7  8  9 10 11 |
---------------+----------------------------------+-----
Invocations    | 1 2 3 4 5 6 |  6.9
Long Blades    | 1 2 3 4 5 6 |  6.3
Axes           | 1 2 3 4 5 6 |  6.3
Maces & Flails | 1 2 3 4 5 6 |  6.3
Polearms       | 1 2 3 4 5 6 |  6.3
Staves         | 1 2 3 4 5 6 |  6.3
Slings         | 1 2 3 4 5 6 |  6.3
Bows           | 1 2 3 4 5 6 |  6.3
Crossbows      | 1 2 3 4 5 6 |  6.3
Throwing       | 1 2 3 5 7 8 |  8.0
Dodging        | 1 2 3 4 5 6 |  6.3
Stealth        | 1 2 3 4 5 6 |  6.3
Unarmed Combat | 1 2 3 4 5 6 |  6.3
Spellcasting   | 1 2 3 4 5 6 |  6.3
Evocations     | 1 2 3 4 5 6 |  6.3
Conjurations   | 1 2 3 4 5 |  5.2
Hexes          | 1 2 3 4 5 |  5.2
Summonings     | 1 2 3 4 5 |  5.2
Necromancy     | 1 2 3 4 5 |  5.2
Translocations | 1 2 3 4 5 |  5.2
Transmutations | 1 2 3 4 5 |  5.2
Fire Magic     | 1 2 3 4 5 |  5.2
Ice Magic      | 1 2 3 4 5 |  5.2
Air Magic      | 1 2 3 4 5 |  5.2
Earth Magic    | 1 2 3 4 5 |  5.2
Poison Magic   | 1 2 3 4 5 |  5.2
Short Blades   | 5 6 7 |  7.9
Fighting       | 7 8 9 |  9.2
Armour         | 7 8 9 |  9.2
Shields        | 7 8 9 |  9.2

Action                   |  1- 3 |  4- 6 |  7- 9 | 10-12 || total
-------------------------+-------+-------+-------+-------++-------
Melee: Rapier            |    99 |       |    27 |       ||   126
       Bite              |    10 |     9 |    41 |    38 ||    98
       Flail             |       |   165 |   205 |   269 ||   639
       Short sword       |       |       |    45 |       ||    45
Throw: Boomerang         |       |     1 |     2 |    73 ||    76
       Dart              |       |       |       |    12 ||    12
       Javelin           |       |       |       |     7 ||     7
Invok: Berserk           |       |       |     1 |     2 ||     3
       Trog's Hand       |       |       |       |     1 ||     1
Evoke: Wand              |       |       |     2 |     4 ||     6
  Use: Potion            |     2 |     3 |     8 |     4 ||    17
       Scroll            |       |     3 |     7 |     8 ||    18
Armor: Scale mail        |     8 |       |       |       ||     8
       Chain mail        |    38 |   191 |    23 |       ||   252
       Plate armour      |       |       |   171 |   225 ||   396
       Skin              |       |       |     9 |       ||     9
Dodge: Dodged            |    29 |   105 |   104 |   218 ||   456
Block: Buckler           |    21 |    76 |    93 |    87 ||   277
